 Dungeon Crawl Stone Soup version 0.32-a0-576-g706899e69d (webtiles) character file.

Game seed: 17081216983829106410

7521 CougarLife the Geomancer (level 11, -3/54 HPs)
             Began as a Gargoyle Earth Elementalist on Mar 1, 2024.
             Was a Priest of Vehumet.
             Slain by a troll (6 damage)
             ... on level 9 of the Dungeon.
             The game lasted 00:13:39 (8664 turns).

CougarLife the Geomancer (GrEE)                     Turns: 8664, Time: 00:13:39

Health: -3/54      AC: 13    Str: 11    XL:     11   Next: 16%
Magic:  14/33      EV: 16    Int: 21    God:    Vehumet [***...]
Gold:   526        SH:  0    Dex: 10    Spells: 24/28 levels left

rFire   . . .        f - +0 dagger
rCold   . . .        (no shield)
rNeg    + . .        a - +0 robe
rPois   ∞            y - +0 helmet
rElec   +            o - +0 cloak
rCorr   .            t - +0 pair of gloves
SInv    .            (no boots)
Will    .....        (no amulet)
Stlth   ++           F - +5 ring of evasion
HPRegen 0.29/turn    h - ring of magical power
MPRegen 0.23/turn

%: no passive effects
@: no status effects
A: sickness immunity, AC +8, negative energy resistance 1, electricity
resistance, torment resistance 1, petrification resistance
a: Renounce Religion


You were on level 9 of the Dungeon.
You worshipped Vehumet.
Vehumet was most pleased with you.
You visited 2 branches of the dungeon, and saw 10 of its levels.
You also visited: Sewer and Bailey.

You collected 552 gold pieces.
You spent 26 gold pieces at shops.

Inventory:

Hand Weapons
 f - a +0 dagger (weapon)
Missiles
 m - a throwing net
Armour
 a - a +0 robe (worn)
 o - a +0 cloak (worn)
 t - a +0 pair of gloves (worn)
 y - a +0 helmet (worn)
Jewellery
 c - a ring of positive energy
 h - a ring of magical power (right hand)
 u - a ring of willpower
 w - the ring "Piah" {rN+ rCorr Dex+4 Slay-6}
   (You found it on level 4 of the Dungeon)

   [ring of resist corrosion]

   Dex+4:     It affects your dexterity (+4).
   Slay-6:    It affects your accuracy & damage with ranged weapons and melee
   (-6).
   rN+:       It protects you from negative energy.
   rCorr:     It protects you from acid and corrosion.
 B - a ring of see invisible
 C - an amulet of regeneration
 F - a +5 ring of evasion (left hand)
Wands
 x - a wand of charming (11)
 A - a wand of acid (20)
 G - a wand of digging (5)
Scrolls
 i - 2 scrolls of teleportation
 j - 4 scrolls of immolation
 l - 3 scrolls of poison
 s - 2 scrolls of noise
 v - 4 scrolls of enchant armour
 E - a scroll of enchant weapon
 H - a scroll of amnesia
 I - 5 scrolls of acquirement
 J - 2 scrolls of fog {unknown}
 M - 4 scrolls of identify
Potions
 b - 3 potions of magic
 d - 2 potions of enlightenment
 e - a potion of curing {unknown}
 g - a potion of might {unknown}
 k - a potion of invisibility {unknown}
 n - a potion of brilliance {unknown}
 p - 2 potions of cancellation {unknown}
 q - a potion of degeneration {unknown}
 r - 5 potions of heal wounds
 z - 4 potions of mutation {unknown}
 D - a potion of ambrosia {unknown}
 L - a potion of haste {unknown}


   Skills:
 - Level 1.5 Dodging
 - Level 2.1 Stealth
 + Level 9.3 Spellcasting
 + Level 10.7 Conjurations
 + Level 12.1 Earth Magic


You had 24 spell levels left.
You knew the following spells:

 Your Spells              Type           Power      Damage    Failure   Level
a - Sandblast             Erth           100%       2d20      1%          1
b - Stone Arrow           Conj/Erth      100%       3d13      1%          3

Your spell library contained the following spells:

 Spells                   Type           Power      Damage    Failure   Level
 Inner Flame              Hex/Fire       9%         N/A       5%          3
 Magic Dart               Conj           100%       1d8       1%          1
 Sting                    Conj/Alch      100%       1d9       1%          1
 Passwall                 Erth           57%        N/A       1%          3
 Brom's Barrelling Bould  Conj/Erth      55%        2d7       1%          4
 Animate Armour           Summ/Erth      70%        N/A       5%          4
 Petrify                  Alch/Erth      35%        N/A       5%          4
 Apportation              Tloc           18%        N/A       7%          1
 Necrotise                Necr           36%        1d5       7%          1
 Summon Small Mammal      Summ           36%        N/A       7%          1
 Blink                    Tloc           18%        N/A       11%         2
 Call Imp                 Summ           18%        N/A       11%         2
 Gell's Gravitas          Tloc           9%         N/A       21%         3
 Teleport Other           Tloc           9%         N/A       21%         3
 Lehudib's Crystal Spear  Conj/Erth      27%        10d7      67%         8
 Dispersal                Tloc           4%         N/A       100%        6


Dungeon Overview and Level Annotations

Branches:
Dungeon (9/15)             Temple (1/1) D:5            Lair (0/5) D:9
  Sewer (visited)          Bailey (visited)
    Orc: D:9-12

Altars:
Ashenzari
Cheibriados
Dithmenos
Elyvilon
Fedhas
Gozag
Hepliaklqana
Kikubaaqudgha
Makhleb
Nemelex Xobeh
Okawaru
Qazlal
Ru
Sif Muna
Trog
Uskayaw
Vehumet
Wu Jian
Xom
Yredelemnul
Zin
The Shining One

Shops:
D:1 *   D:2 ?   D:8 =

Annotations:
D:7 2 transporters, MadMike78's ghost, amateur OpSh


Innate Abilities, Weirdness & Mutations

You are immune to sickness and miasma.
Your stone body is resilient. (AC +8)
You are immune to poison.
You resist negative energy. (rN+)
You are resistant to electric shocks. (rElec)
You are resistant to unholy torment.
You are immune to petrification.


Message History

Aim: a wolf (almost dead, 63% to hit)
The stone arrow hits the wolf!
You kill the wolf!
Vehumet accepts your kill.
You feel your power returning. The hound misses you. The hound bites you.
Casting: Stone Arrow (safe; 1% risk of failure)
Confirm with . or Enter, or press ? or * to list all spells.
Aiming: Stone Arrow (safe; 1% risk of failure)
Press: ? - help, Shift-Dir - straight line, f - hound
Aim: a hound (69% to hit)
The stone arrow hits the hound!!
You kill the hound!
Vehumet accepts your kill.
The hound splashes around in the water.
The electric eel shoots out a bolt of lightning at you!
The bolt of electricity hits you. You resist.
Casting: Stone Arrow (safe; 1% risk of failure)
Confirm with . or Enter, or press ? or * to list all spells.
Aiming: Stone Arrow (safe; 1% risk of failure)
Press: ? - help, Shift-Dir - straight line, f - troll
Aim: a troll (78% to hit)
The stone arrow hits the troll!!
The troll is heavily wounded.
The hound bites you but does no damage.
The electric eel shoots out a bolt of lightning at you!
The bolt of electricity hits you. You resist. The troll bites you!
The troll claws you!
* * * LOW HITPOINT WARNING * * *
The troll claws you.
* * * LOW HITPOINT WARNING * * *
Casting: Stone Arrow (safe; 1% risk of failure)
Confirm with . or Enter, or press ? or * to list all spells.
Aiming: Stone Arrow (safe; 1% risk of failure)
Press: ? - help, Shift-Dir - straight line, f/p - troll
Aim: a troll (heavily wounded, 78% to hit)
The stone arrow misses the troll.
The hound bites you but does no damage. x2
The troll bites you!
* * * LOW HITPOINT WARNING * * *
The troll claws you.
You die...

#####.# ......#
#.........#.. ###+###
.##............. .#
................ .#
....~...~~.~.~. .#
#....~~≈~.~.~~
.###########...~≈~≈~.~.~~
##.........#....~~≈≈.~≈≈~
.#.#######.#..~.@≈≈~.S≈≈~
.#.# #.#...~hT≈~.~≈≈≈
.#.#######.#(..~≈~~..~≈~~
##).)).....##†~~≈≈~≈.~.~≈
.)#########..†≈~≈≈≈..~.~≈
).# #.#≈≈≈≈≈......~ ..#
#.#≈≈≈≈~~.>.~.~ ..#
#.#≈≈≈≈≈~....~~ ..#
#.#≈≈≈≈≈.~.~.≈≈


You could see a troll, a hound and an electric eel.

Vanquished Creatures
  Pikel (D:7)
  An orc knight (Bailey)
  A cyclops (D:7)
  2 kobold demonologists (Bailey)
  Sigmund (D:2)
  A basilisk (D:7)
  A vampire mosquito (D:7)
  An acid dragon (D:9)
  Pargi (Sewer)
  4 black bears
  11 orc warriors
  2 sky beasts (D:7)
  An ogre (D:5)
  A centaur (D:6)
  2 wolves (D:9)
  A lemure (D:7)
  A phantom (D:4)
  A gnoll sergeant (D:6)
  2 brain worms (Sewer)
  A bullfrog (D:7)
  13 wights
  6 killer bees (D:7)
  A howler monkey (D:5)
  8 electric eels
  5 bombardier beetles
  6 hounds
  Crazy Yiuf (D:2)
  A jelly (D:7)
  4 orc priests
  A gnoll bouda (D:6)
  2 iguanas (D:4)
  8 orc wizards
  3 sleepcaps
  6 hell rats (D:7)
  19 gnolls
  16 river rats (D:7)
  7 adders
  A white imp (D:5)
  2 ufetubi (D:6)
  2 ribbon worms (D:3)
  2 dart slugs
  24 orcs
  7 ball pythons
  3 endoplasms
  6 giant cockroaches
  22 goblins
  13 hobgoblins
  5 jackals
  10 kobolds
  6 quokkas
  3 bats (D:1)
  2 frilled lizards
  2 rats
  A spectral hobgoblin (D:3)
255 creatures vanquished.

Vanquished Creatures (collateral kills)
  An orc priest (D:8)
1 creature vanquished.

Vanquished Creatures (others)
  An arcanist (D:8)
1 creature vanquished.

Grand Total: 257 creatures vanquished

Notes
Turn   | Place    | Note
-------+----------+-------------------------------------------
     0 | D:1      | CougarLife the Gargoyle Earth Elementalist began the quest
                  | for the Orb.
     0 | D:1      | Reached XP level 1. HP: 10/10 MP: 3/3
    21 | D:1      | Found Fecoj's General Store.
   565 | D:1      | Reached XP level 2. HP: 15/15 MP: 5/5
   769 | D:1      | Found a faded altar of an unknown god.
   979 | D:1      | Reached skill level 4 in Earth Magic
  1011 | D:1      | Reached XP level 3. HP: 9/19 MP: 6/6
  1157 | D:2      | Found Tatibua's Magic Scroll Shop.
  1163 | D:2      | Noticed Sigmund
  1169 | D:2      | Killed Sigmund
  1170 | D:2      | Reached skill level 5 in Earth Magic
  1170 | D:2      | Reached XP level 4. HP: 24/24 MP: 9/9
  1170 | D:2      | Reached XP level 5. HP: 28/28 MP: 10/10
  1174 | D:2      | Learned a level 3 spell: Stone Arrow
  1175 | D:2      | Bought a scroll of identify for 26 gold pieces
  1227 | D:2      | Reached XP level 6. HP: 32/32 MP: 11/11
  1550 | D:2      | Found a runed translucent door.
  1551 | D:2      | Noticed Crazy Yiuf
  1754 | D:2      | Killed Crazy Yiuf
  1934 | D:3      | Found a broken altar of Ashenzari.
  2126 | D:3      | Found a hazy altar of Hepliaklqana.
  2458 | D:3      | Found a glowing drain.
  2469 | Sewer    | Entered a sewer
  2489 | Sewer    | Reached skill level 6 in Earth Magic
  2489 | Sewer    | Reached XP level 7. HP: 36/36 MP: 13/13
  2559 | Sewer    | Noticed Pargi
  2562 | Sewer    | Killed Pargi
  3036 | D:4      | Reached skill level 5 in Conjurations
  3190 | D:4      | Identified the ring "Piah" {rN+ rCorr Dex+4 Slay-6}
  3464 | D:4      | Reached skill level 5 in Spellcasting
  3464 | D:4      | Reached skill level 7 in Earth Magic
  3464 | D:4      | Reached XP level 8. HP: 41/41 MP: 15/15
  3803 | D:5      | Entered Level 5 of the Dungeon
  3813 | D:5      | Identified the +4 sling "Tugg" {freeze, SInv}
  4221 | D:5      | Found a staircase to the Ecumenical Temple.
  4230 | Temple   | Entered the Ecumenical Temple
  4240 | Temple   | Became a worshipper of Vehumet
  4375 | D:5      | Reached skill level 8 in Earth Magic
  4557 | D:6      | Reached XP level 9. HP: 45/45 MP: 7/18
  5013 | D:6      | Reached * piety under Vehumet
  5013 | D:6      | Offered knowledge of Foxfire by Vehumet.
  5185 | D:7      | Reached skill level 9 in Earth Magic
  5342 | D:7      | Noticed a cyclops
  5348 | D:7      | Killed a cyclops
  5500 | D:7      | Noticed Pikel
  5524 | D:7      | Killed Pikel
  5525 | D:7      | Reached skill level 10 in Earth Magic
  5525 | D:7      | Reached XP level 10. HP: 50/50 MP: 15/21
  5921 | D:7      | Offered knowledge of Mercury Vapours by Vehumet.
  5922 | D:7      | Reached ** piety under Vehumet
  6030 | D:7      | Found the +2 ratskin cloak {*Rats rPois rN+ Str-1 Int-1
                  | Dex+1}
  6117 | D:7      | Found a transporter.
  6123 | D:7      | Noticed a moth of wrath
  6129 | D:7      | Found a transporter.
  6130 | D:7      | Found a bloodstained altar of Trog.
  6131 | D:7      | Noticed MadMike78's ghost (amateur OpSh)
  6599 | D:8      | Found Usaghapu's Jewellery Boutique.
  6664 | D:8      | Found a flagged portal.
  6681 | Bailey   | Entered a bailey
  6759 | Bailey   | Offered knowledge of Searing Ray by Vehumet.
  6841 | Bailey   | Reached *** piety under Vehumet
  6937 | Bailey   | Reached skill level 11 in Earth Magic
  7066 | Bailey   | Noticed a kobold demonologist
  7077 | Bailey   | Killed a kobold demonologist
  7258 | Bailey   | Found an iron altar of Okawaru.
  7263 | Bailey   | Noticed an orc knight
  7263 | Bailey   | Noticed a kobold demonologist
  7270 | Bailey   | Killed a kobold demonologist
  7271 | Bailey   | Reached skill level 10 in Conjurations
  7273 | Bailey   | Killed an orc knight
  7733 | D:8      | Offered knowledge of Inner Flame by Vehumet.
  7831 | D:8      | Reached XP level 11. HP: 54/54 MP: 24/24
  8069 | D:8      | Found a sparkling altar of Nemelex Xobeh.
  8177 | D:8      | Found a bloodstained altar of Trog.
  8180 | D:8      | Noticed a wizard
  8186 | D:8      | Killed a wizard
  8580 | D:9      | Reached skill level 12 in Earth Magic
  8639 | D:9      | Found a staircase to the Lair.
  8664 | D:9      | Slain by a troll

Illustrated notes

Levels and vault maps discovered:
D:1:      giann_bridges, layout_basic, hellmonk_ecumenical_altar_heavens_door,
          serial_shops, nicolae_shop_peninsula
D:2:      layout_loops_ring, serial_shops, nicolae_shop_trees,
          minmay_misc_feat_room, minmay_misc_feat_cross,
          uniq_crazy_yiuf_cottage, uniq_sigmund
D:3:      layout_basic, ashenzari_conservatory_becter,
          nicolae_hepliaklqana_monster_ancestors, cheibrodos_sewer_entry_bend
D:4:      nicolae_cairo_tiling_very_big, layout_basic
D:5:      layout_gridville, minmay_temple_entry_gardened_gates,
          minmay_ogre_servants
D:6:      layout_loops_ring, serial_bayou_lake_a
D:7:      wander_guarded_unrand_ratskin, layout_rooms,
          gammafunk_ghost_wrathful_warriors, minmay_chambers_of_fives,
          uniq_pikel
D:8:      layout_loops_ring, nemelex_spade_bored_becter, trog_wizard,
          enter_bailey_5, serial_shops, shop
D:9:      layout_stronghold, erik_lair_island, uniq_joseph
Temple:   mainiacjoe_temple_bowtie_tessellation

Skill      XL: |  1  2  3  4  5  6  7  8  9 10 11 |
---------------+----------------------------------+-----
Earth Magic    | 4 5 6 7 8 10 11 12 | 12.1
Conjurations   | 2 3 4 5 7 8 10 | 10.7
Spellcasting   | 3 4 5 6 7 9 |  9.3
Dodging        | |  1.5
Stealth        | |  2.1

Action                     |  1- 3 |  4- 6 |  7- 9 | 10-12 || total
---------------------------+-------+-------+-------+-------++-------
  Melee: Dagger            |       |     7 |     1 |     1 ||     9
   Cast: Sandblast         |    32 |    63 |   129 |   143 ||   367
         Stone Arrow       |       |     2 |    36 |    66 ||   104
    Use: Scroll            |       |     3 |     3 |     5 ||    11
         Potion            |       |       |       |     1 ||     1
 Armour: Robe              |    17 |    23 |   106 |    91 ||   237
  Dodge: Dodged            |    27 |    20 |   107 |    96 ||   250

Table legend: (Time is in decaauts)
 A = Elapsed time spent in this place.
 B = Non-inter-level travel time spent in this place.
 C = Inter-level travel time spent in this place.
 D = Time resting spent in this place.
 E = Time spent auto-exploring this place.
 F = Levels seen in this place.
 G = Mean time per level.
                   A        B        C        D        E       F      G
               +--------+--------+--------+--------+--------+-----+--------+
         Total |   8881 |   8566 |    315 |   1794 |   4656 |  12 |  740.1 |
       Dungeon |   7693 |   7394 |    299 |   1362 |   4452 |   9 |  854.8 |
        Temple |     19 |      3 |     16 |      0 |      0 |   1 |   19.0 |
         Sewer |    266 |    266 |      0 |     64 |     79 |   1 |  266.0 |
        Bailey |    901 |    901 |      0 |    368 |    125 |   1 |  901.0 |
               +--------+--------+--------+--------+--------+-----+--------+

Top non-repeatable levels by time:
     D:7: 1452 daAuts
     D:1: 1053 daAuts
     D:3: 904 daAuts
  Bailey: 901 daAuts
     D:4: 867 daAuts
     D:8: 849 daAuts
     D:2: 792 daAuts
     D:6: 754 daAuts
     D:5: 636 daAuts
     D:9: 382 daAuts
   Sewer: 266 daAuts
  Temple: 19 daAuts
